 Dungeon Crawl Stone Soup version 0.30-b1-2-g02819fbbbe (webtiles) character file.

Game seed: 13705451527264981186

2 MackTheKnife the Sneak (level 1, -1/17 HPs)
             Began as a Draconian Brigand on May 19, 2023.
             Slain by a gnoll
             ... wielding a +0 whip
              (3 damage)
             ... on level 1 of the Dungeon.
             The game lasted 00:00:10 (40 turns).

MackTheKnife the Sneak (Draconian Brigand)            Turns: 40, Time: 00:00:11

Health: -1/17      AC:  5    Str: 13    XL:     1   Next: 25%
Magic:  1/1        EV: 11    Int: 11    God:
Gold:   0          SH:  0    Dex: 12    Spells: 0/0 levels left

rFire   . . .        a - +2 dagger {short}
rCold   . . .        (no shield)
rNeg    . . .        (body armour unavailable)
rPois   .            (helmet restricted)
rElec   .            b - +0 cloak
rCorr   .            (no gloves)
SInv    .            (no boots)
Will    .....        (no amulet)
Stlth   ++           (no ring)
HPRegen 0.22/turn    (no ring)
MPRegen 0.07/turn

%: no passive effects
@: no status effects
A: AC +4, unfitting armour, cold-blooded
a: no special abilities


You were on level 1 of the Dungeon.
You visited 1 branch of the dungeon, and saw 1 of its levels.


Innate Abilities, Weirdness & Mutations

Your plain brown scales are hard. (AC +4)
You cannot fit into any form of body armour.
You are cold-blooded and may be slowed by cold attacks.


   Skills:
 + Level 2.3 Fighting
 + Level 2.1 Short Blades
 - Level 1.7 Throwing
 - Level 0.8 Dodging
 - Level 3.6 Stealth


You couldn't memorise any spells.
You didn't know any spells.
Your spell library was empty.

Inventory:

Hand Weapons
 a - a +2 dagger (weapon) {short}
Missiles
 c - 9 poisoned darts (quivered) {throwing}
 d - 3 curare-tipped darts {=fthrowing}
Armour
 b - a +0 cloak (worn)

Dungeon Overview and Level Annotations

Branches:
Dungeon (1/15) Zot: 5960

Altars:

#b#. ####### #...
#..<≈≈⌠ #.#.#### #...≈≈≈
# #......# #...≈≈≈ ..
#......# #.##.≈≈
#..#......########.##..≈
#.>.............##......
#.............'.....⌠
#...@....†...##.....[
#...g........##.##...
#............##.##...
#............##......
#............##......
###############..>..⌠
#######


You could see a gnoll.


Message History

🤖 Initializing magus.rc ...
Options error: Delay interrupt name "hungry" not recognised. (~/.crawlrc:4769) Bad monster_list_colour key: strict_neutral Bad channel name 'pray' for runrest: 'pray:' Options error: Missing colour in message_colour setting: 'that.*feels deathly cold' Options error: Missing colour in message_colour setting: 'mortal' Options error: Missing colour in message_colour setting: 'so you fail to move' Options error: Missing colour in message_colour setting: 'and you must be Full or above to equip it' Options error: Missing colour in message_colour setting: 'mortal' Options error: Missing colour in message_colour setting: 'saying\' Options error: Missing colour in message_colour setting: '\"No\' Options error: Missing colour in message_colour setting: 'no\' Options error: Missing colour in message_colour setting: 'no!\"' Options error: Missing colour in message_colour setting: 'but rights himself reflexively soon after' Options error: Missing colour in message_colour setting: 'before it is too late' Options error: Missing colour in message_colour setting: 'and clutches his wounds' Options error: Missing colour in message_colour setting: '\"What am I doing in here\?\"' Options error: Missing colour in message_colour setting: 'briefly' Options error: Missing colour in message_colour setting: 'now there\.\"' Options error: Missing colour in message_colour setting: 'my child' Options error: Missing colour in message_colour setting: 'mortal' Options error: Missing colour in message_colour setting: 'you see no one' Options error: Missing colour in message_colour setting: 'you\'re it!\"' Options error: Missing colour in message_colour setting: 'Boring in death\"' Options error: Missing colour in message_colour setting: 'baby\' Options error: Missing colour in message_colour setting: 'burn!\"' Options error: Missing colour in message_colour setting: 'mortal\.\"' Options error: Missing colour in message_colour setting: 'my child!\"' Options error: Missing colour in message_colour setting: 'this looks better\.\"' Options error: Missing colour in message_colour setting: 'my child!\"' Options error: Missing colour in message_colour setting: 'my (child|children)!\"' Options error: Missing colour in message_colour setting: 'stopping explore' ✅ Successfully initialized magus.rc [v1.9.6] Welcome, MackTheKnife the Draconian Brigand.
It is said that the Orb of Zot exists deep within this dungeon.
Press ? for a list of commands and other information.
Found a glowing orb.
Found a staircase leading out of the dungeon.
Found an escape hatch in the floor.
There is a fountain of clear blue water here.
You see here an orb of mayhem.
You open the door.
There is an open door here.
Key pressed, stopping explore.
A bat comes into view.
A bat is nearby!
A bat is nearby!
A bat comes into view.
A gnoll comes into view. It is wielding a +0 whip.
The bat hits you but does no damage.
You hit the bat. The bat closely misses you.
You hit the bat.
You kill the bat!
A bat comes into view.
The bat hits you but does no damage.
You hit the bat. The bat closely misses you.
Found a stone staircase leading down.
The bat hits you but does no damage. The bat hits you but does no damage.
You hit the bat.
You kill the bat!
You hit the gnoll.
The gnoll hits you with a +0 whip. 😕 HP[-2]
You take 2 damage, and now have 15/17 hp.
You hit the gnoll but do no damage. The gnoll misses you.
You hit the gnoll but do no damage. The gnoll closely misses you.
You hit the gnoll. The gnoll misses you.
You closely miss the gnoll. The gnoll hits you with a +0 whip!
* * * LOW HITPOINT WARNING * * *
😨 HP[-7]
You take 7 damage, and now have 8/17 hp.
MASSIVE DAMAGE!! (PAUSE)
You barely miss the gnoll.
Your tail-slap misses the gnoll.
The gnoll hits you with a +0 whip!
* * * LOW HITPOINT WARNING * * *
😱 HP[-6]
You take 6 damage, and now have 2/17 hp.
MASSIVE DAMAGE!! (PAUSE)
You hit the gnoll but do no damage. You hit the gnoll but do no damage.
Your tail-slap misses the gnoll.
Your punch misses the gnoll. The gnoll closely misses you.
You barely miss the gnoll. The gnoll hits you with a +0 whip.
You die...

Action                     || total
---------------------------++-------
  Melee: Dagger            ||    13
 Armour: Skin              ||     4
  Dodge: Dodged            ||     6

Levels and vault maps discovered:
D:1:      amcnicky_arrival_flooded_fountain, layout_basic, chequers_garden,
          chequers_serial_rivers_room_a, lemuel_flame_loot_1

Notes
Turn   | Place    | Note
-------+----------+-------------------------------------------
     0 | D:1      | MackTheKnife the Draconian Brigand began the quest for the
                  | Orb.
     0 | D:1      | Reached XP level 1. HP: 17/17 MP: 1/1
     0 | D:1      | magus.rc [v1.9.6]
    37 | D:1      | HP: 2/17 [gnoll/+0 whip (7)]
    40 | D:1      | Slain by a gnoll

Vanquished Creatures
  2 bats (D:1)
2 creatures vanquished.

Table legend:
 A = Non-vault XP
 B = Vault XP
 C = Vault XP percentage of total XP
 D = Non-vault monster count
 E = Vault monster count
 F = Vault count percentage of total count
                 A         B        C        D         E       F
            +---------+---------+-------+---------+---------+-------
      Total |       3 |       0 |   0.0 |       2 |       0 |   0.0
            +---------+---------+-------+---------+---------+-------
        D:1 |       3 |       0 |   0.0 |       2 |       0 |   0.0
            +---------+---------+-------+---------+---------+-------

Action                     || total
---------------------------++-------
  Melee: Dagger            ||    13
 Armour: Skin              ||     4
  Dodge: Dodged            ||     6

Illustrated notes

Table legend:
 A = Kills in this place as a percentage of kills in the entire game.
 B = Kills by you in this place as a percentage of kills by you in the entire game.
 C = Kills by friends in this place as a percentage of kills by friends in the entire game.
 D = Other kills in this place as a percentage of other kills in the entire game.
 E = Experience gained in this place as a percentage of experience gained in the entire game.
 F = Experience gained in this place divided by the number of levels of this place that you have seen.
                   A       B       C       D       E      F
               +-------+-------+-------+-------+-------+----------------------
         Total | 100.0 | 100.0 |   N/A |   N/A | 100.0 |   3.0
       Dungeon | 100.0 | 100.0 |   N/A |   N/A | 100.0 |   3.0
               +-------+-------+-------+-------+-------+----------------------

Table legend: (Time is in decaauts)
 A = Elapsed time spent in this place.
 B = Non-inter-level travel time spent in this place.
 C = Inter-level travel time spent in this place.
 D = Time resting spent in this place.
 E = Time spent auto-exploring this place.
 F = Levels seen in this place.
 G = Mean time per level.
                   A        B        C        D        E       F      G
               +--------+--------+--------+--------+--------+-----+--------+
         Total |     38 |     38 |      0 |      0 |     17 |   1 |   38.0 |
       Dungeon |     38 |     38 |      0 |      0 |     17 |   1 |   38.0 |
               +--------+--------+--------+--------+--------+-----+--------+

Top non-repeatable levels by time:
     D:1: 38 daAuts
